 Dungeon Crawl Stone Soup version 0.27.0-1-g7a089689b8 (webtiles) character file.

Game seed: 2139881417745191358

2963 bande the Shield-Bearer (level 9, -7/55 HPs)
             Began as a Gargoyle Fighter on Aug 16, 2021.
             Was a Believer of Okawaru.
             Mangled by a wight (12 damage)
             ... on level 7 of the Dungeon.
             The game lasted 00:17:21 (9722 turns).

bande the Shield-Bearer (Gargoyle Fighter)          Turns: 9722, Time: 00:17:21

Health: -7/55      AC: 18    Str: 22    XL:     9   Next: 81%
Magic:  11/11      EV:  6    Int:  9    God:    Okawaru [**....]
Gold:   306        SH: 11    Dex: 10    Spells: 7/8 levels left

rFire    . . .     SeeInvis .   g - +1 hand axe (venom)
rCold    + . .     Faith    +   c - +0 kite shield
rNeg     + . .     Spirit   .   l - +0 chain mail
rPois    ∞         Reflect  .   (no helmet)
rElec    +         Harm     .   (no cloak)
rCorr    .         Rampage  .   j - +0 pair of gloves
Will     .....                  (no boots)
Stlth    ..........             n - amulet of faith
HPRegen  0.18/turn              b - ring of protection from cold
MPRegen  0.12/turn              (no ring)

@: no status effects
A: sickness immunity, AC +6, negative energy resistance 1, electricity
resistance, torment resistance 1, petrification resistance
a: Renounce Religion, Heroism


You were on level 7 of the Dungeon.
You worshipped Okawaru.
Okawaru was pleased with you.
You visited 2 branches of the dungeon, and saw 8 of its levels.

You collected 306 gold pieces.

Inventory:

Hand Weapons
 a - a +1 war axe
 g - a +1 hand axe of venom (weapon)
 i - a +0 flail of protection
 q - a +2 war axe
Armour
 c - a +0 kite shield (worn)
 j - a +0 pair of gloves (worn)
 l - a +0 chain mail (worn)
Jewellery
 b - a ring of protection from cold (left hand)
 k - a ring of wizardry
 n - an amulet of faith (around neck)
 p - a ring of flight
Scrolls
 f - a scroll of teleportation
Potions
 d - 4 potions of might
 e - 2 potions of resistance
 h - a potion of berserk rage
 m - 3 potions of curing
 o - 3 potions of heal wounds


   Skills:
 + Level 5.7 Fighting
 + Level 6.7 Axes
 + Level 6.9 Armour
 - Level 0.2 Dodging
 + Level 7.6 Shields
 * Level 4.7 Translocations
 * Level 2.7 Invocations


You had 7 spell levels left.
You knew the following spells:

 Your Spells              Type           Power      Damage    Failure   Level
a - Apportation           Tloc           16%        N/A       71%         1

Your spell library contained the following spells:

 Spells                   Type           Power      Damage    Failure   Level
 Animate Skeleton         Necr           0%         N/A       100%        1
 Corona                   Hex            0%         N/A       100%        1
 Summon Small Mammal      Summ           0%         N/A       100%        1


Dungeon Overview and Level Annotations

Branches:
Dungeon (7/15)             Temple (1/1) D:5

Altars:
Elyvilon
Fedhas
Gozag
Hepliaklqana
Kikubaaqudgha
Makhleb
Okawaru
Trog
Vehumet
The Shining One

Shops:
D:5 ?


Innate Abilities, Weirdness & Mutations

You are immune to sickness and miasma.
Your stone body is resilient. (AC +6)
You are immune to poison.
You resist negative energy. (rN+)
You are resistant to electric shocks. (rElec)
You are resistant to unholy torment.
You are immune to petrification.


Message History

Okawaru accepts your kill.
You barely miss the wight. You block the wight's attack.
Unknown command.
The wight hits you with a +4 scimitar.
Things that are here:
a +0 dagger; a +0 robe; a scroll of magic mapping Your chain mail prevents you from hitting the wight.
The wight is heavily damaged.
The wight hits you with a +4 scimitar.
* * * LOW HITPOINT WARNING * * *
You closely miss the wight.
The wight is heavily damaged.
The wight hits you with a +4 scimitar.
* * * LOW HITPOINT WARNING * * *
You hit the wight but do no damage.
The wight is heavily damaged.
You block the wight's attack. x2
You hit the wight but do no damage.
The wight is heavily damaged.
You block the wight's attack.
Your shield prevents you from hitting the wight.
The wight is heavily damaged.
The wight hits you with a +4 scimitar.
* * * LOW HITPOINT WARNING * * *
You closely miss the wight.
The wight is heavily damaged.
You block the wight's attack.
You closely miss the wight.
The wight is heavily damaged.
The wight completely misses you.
You hit the wight.
The wight is almost destroyed.
The wight barely misses you.
You hit the wight but do no damage.
The wight is almost destroyed.
The wight hits you but does no damage.
You barely miss the wight.
The wight is almost destroyed.
You block the wight's attack. The wight hits you with a +4 scimitar!
You die...

#... #..#
...##.......##. #..#
#...........#.. #..#
##.............. #..#
#................
#..####...#.............
........# #............
.####..## #.....).# .#
##.## #..z@)..# .# #).#
#.......# .. .# ##.#
##......#... ..# #.##
#.......... ..# #..#
#.<........
#.#####..#####..........
............#..........
......................#
...........#......###..


You could see a wight.

Vanquished Creatures
  Prince Ribbit (D:6)
  3 water moccasins
  2 ice beasts
  A black bear (D:6)
  2 sky beasts
  2 ogres
  3 centaurs
  A gnoll sergeant (D:6)
  3 scorpions
  5 killer bees (D:4)
  7 wights
  A howler monkey (D:5)
  A bullfrog zombie (D:6)
  A centaur zombie (D:6)
  5 hounds
  4 jellies
  2 centaur skeletons (D:5)
  A bullfrog skeleton (D:5)
  4 iguanas
  An orc wizard (D:3)
  2 hound zombies (D:5)
  7 gnolls
  9 adders
  A shadow imp (D:6)
  A white imp (D:4)
  An adder skeleton (D:4)
  A worm (D:4)
  A dart slug (D:2)
  11 orcs
  6 endoplasms
  A giant cockroach (D:2)
  5 goblins
  3 hobgoblins
  16 jackals
  3 quokkas
  7 ball pythons
  5 bats
  4 frilled lizards
  5 kobolds
  3 rats
142 creatures vanquished.

Vanquished Creatures (others)
  A kobold (D:2)
1 creature vanquished.

Grand Total: 143 creatures vanquished

Notes
Turn   | Place    | Note
-------+----------+-------------------------------------------
     0 | D:1      | bande the Gargoyle Fighter began the quest for the Orb.
     0 | D:1      | Reached XP level 1. HP: 14/14 MP: 1/1
   210 | D:1      | Found a faded altar of an unknown god.
   220 | D:1      | Reached XP level 2. HP: 18/19 MP: 2/2
  1111 | D:2      | Reached skill level 4 in Shields
  1111 | D:2      | Reached XP level 3. HP: 15/23 MP: 3/3
  1741 | D:2      | Reached XP level 4. HP: 28/28 MP: 4/4
  2341 | D:3      | Found a hazy altar of Hepliaklqana.
  2721 | D:3      | Learned a level 1 spell: Apportation
  2899 | D:3      | Reached XP level 5. HP: 13/32 MP: 5/5
  3282 | D:4      | Noticed an ogre
  3313 | D:3      | Killed an ogre
  3314 | D:3      | Reached skill level 1 in Translocations
  3314 | D:3      | Reached XP level 6. HP: 7/38 MP: 6/6
  3806 | D:4      | Reached skill level 5 in Shields
  4044 | D:4      | Reached XP level 7. HP: 42/43 MP: 7/7
  4486 | D:4      | Reached skill level 5 in Armour
  4820 | D:5      | Entered Level 5 of the Dungeon
  4846 | D:5      | Found a white marble altar of Elyvilon.
  5435 | D:4      | Reached XP level 8. HP: 41/48 MP: 8/8
  5572 | D:4      | Reached skill level 5 in Axes
  6340 | D:5      | Reached skill level 6 in Shields
  6528 | D:5      | Found Wuck's Magic Scroll Shop.
  6715 | D:5      | Reached skill level 5 in Fighting
  6977 | D:5      | Found a staircase to the Ecumenical Temple.
  6983 | Temple   | Entered the Ecumenical Temple
  7069 | Temple   | Became a worshipper of Warmaster Okawaru
  7477 | D:6      | Reached XP level 9. HP: 52/54 MP: 9/9
  7501 | D:6      | Found a glowing golden altar of the Shining One.
  7956 | D:6      | Reached * piety under Okawaru
  7957 | D:6      | Reached skill level 1 in Invocations
  8201 | D:6      | Found an opulent altar of Gozag.
  8628 | D:6      | Found a burning altar of Makhleb.
  8698 | D:7      | Noticed Prince Ribbit
  8724 | D:6      | Killed Prince Ribbit
  8725 | D:6      | Reached skill level 7 in Shields
  9391 | D:7      | Reached ** piety under Okawaru
  9722 | D:7      | Mangled by a wight

Illustrated notes

Levels and vault maps discovered:
D:1:      minmay_arrival_glassed_features, layout_basic,
          shapermc_ecumenical_altar_starsandcircs
D:2:      layout_basic, lemuel_flame_loot_1
D:3:      layout_basic, mainiacjoe_overflow_boulevard, kennysheep_generic_room_8
D:4:      layout_loops_cross
D:5:      layout_rooms, mainiacjoe_overflow_paths,
          minmay_temple_entry_nine_rooms, serial_shops, shop_coins
D:6:      layout_basic, makhleb_blood_cavern_becter,
          mainiacjoe_overflow_surrounded_room, nicolae_gozag_seed_capital
D:7:      layout_layer_cave, uniq_prince_ribbit1
Temple:   minmay_temple_curvy_loop

Skill      XL: |  1  2  3  4  5  6  7  8  9 |
---------------+----------------------------+-----
Axes           | 2 3 4 5 6 |  6.7
Shields        | 4 5 6 7 |  7.6
Armour         | 4 5 6 |  6.9
Translocations | 1 2 3 4 |  4.7
Fighting       | 4 5 |  5.7
Invocations    | 2 |  2.7
Dodging        | |  0.2

Action                   |  1- 3 |  4- 6 |  7- 9 || total
-------------------------+-------+-------+-------++-------
Melee: War axe           |   122 |    58 |       ||   180
       Hand axe          |       |   104 |   346 ||   450
  Use: Scroll            |       |     4 |     8 ||    12
Armor: Scale mail        |    76 |       |       ||    76
       Chain mail        |     2 |   119 |   325 ||   446
Dodge: Dodged            |    58 |    42 |   161 ||   261
Block: Kite shield       |    78 |   104 |   298 ||   480
